 Dungeon Crawl Stone Soup version 0.29.1-15-g9cfb28693d (webtiles) character file.

Game seed: 984629126269744453

76 Heoruswealwe the Magician (level 4, 0/24 HPs)
             Began as a Deep Elf Earth Elementalist on Mar 29, 2023.
             Slain by Natasha (7 damage)
             ... on level 2 of the Dungeon.
             The game lasted 00:18:45 (1919 turns).

Heoruswealwe the Magician (DEEE)                    Turns: 1919, Time: 00:18:45

Health: 0/24       AC:  2    Str:  5    XL:     4   Next: 12%
Magic:  8/12       EV: 12    Int: 22    God:
Gold:   105        SH:  5    Dex: 15    Spells: 8/11 levels left

rFire   . . .      SeeInvis .   o - +0 great sword
rCold   . . .      Faith    .   (shield currently unavailable)
rNeg    . . .      Spirit   .   a - +0 robe
rPois   .          Reflect  +   (no helmet)
rElec   .          Harm     .   (no cloak)
rCorr   .          Rampage  .   (no gloves)
Will    .....                   (no boots)
Stlth   ++........              d - amulet of reflection
HPRegen 0.08/turn               k - ring of wizardry
MPRegen 0.13/turn               (no ring)

@: very slightly contaminated
A: no striking features
a: no special abilities


You were on level 2 of the Dungeon.
You visited 1 branch of the dungeon, and saw 2 of its levels.

You collected 105 gold pieces.

Inventory:

Hand Weapons
 m - a +0 war axe
 o - a +0 great sword (weapon)
Armour
 a - a +0 robe (worn)
Jewellery
 d - an amulet of reflection (around neck)
 k - a ring of wizardry (left hand)
Scrolls
 c - a scroll of enchant armour {unknown}
 e - 3 scrolls of poison {unknown}
 g - a scroll of summoning {unknown}
 i - 5 scrolls of identify {unknown}
 p - a scroll of magic mapping {unknown}
 q - a scroll of vulnerability {unknown}
Potions
 b - a potion of magic
 f - 2 potions of haste {unknown}
 h - a potion of lignification {unknown}
 j - a potion of flight {unknown}
 l - 2 potions of curing {unknown}
 n - a potion of heal wounds {unknown}


   Skills:
 - Level 2.4 Dodging
 - Level 2.4 Stealth
 * Level 4.4 Spellcasting
 + Level 2.1 Transmutations
 * Level 4.3 Earth Magic


You had 8 spell levels left.
You knew the following spells:

 Your Spells              Type           Power      Damage    Failure   Level
a - Sandblast             Erth           46%        2d11      1%          1
z - Passwall              Tmut/Erth      15%        N/A       1%          2

Your spell library contained the following spells:

 Spells                   Type           Power      Damage    Failure   Level
 Summon Small Mammal      Summ           16%        N/A       4%          1
 Stone Arrow              Conj/Erth      28%        3d8       5%          3
 Scorch                   Fire           8%         2d5       6%          2
 Petrify                  Tmut/Erth      19%        N/A       12%         4
 Call Canine Familiar     Summ           4%         N/A       13%         3
 Summon Guardian Golem    Hex/Summ       4%         N/A       13%         3
 Animate Dead             Necr           4%         N/A       38%         4
 Flame Wave               Conj/Fire      4%         2d5       38%         4
 Borgnjor's Vile Clutch   Necr/Erth      7%         N/A       43%         5
 Death Channel            Necr           2%         N/A       99%         6
 Summon Cactus Giant      Summ           2%         N/A       99%         6


Dungeon Overview and Level Annotations

Branches:
Dungeon (2/15)

Altars:
Gozag

Annotations:
D:2 Natasha


Message History

Found a scroll labelled LIDERPH QODEHYI.
q - a scroll labelled LIDERPH QODEHYI A kobold comes into view.
It is wielding a +0 club and quivering poisoned darts.
The kobold shouts!
The kobold throws a poisoned dart.
The poisoned dart barely misses you. The kobold hits you but does no damage.
The blast of sand hits the kobold!
You kill the kobold!
Things that are here:
a +0 club; 4 poisoned darts; a kobold corpse Natasha, Servant of Life and Death comes into view.
She is carrying a wand of flame (20).
The blast of sand hits Natasha but does no damage.
Natasha mumbles some strange words.
You miscast Sandblast.
You are very lightly contaminated with residual magic.
Nothing appears to happen.
Natasha howls an incantation.
Natasha glows brightly for a moment.
The blast of sand hits Natasha!
Natasha is severely wounded.
Natasha casts a spell at you. The magic dart hits you.
The white imp gestures at you. The puff of frost misses you.
Casting: Sandblast (safe; 1% risk of failure)
Confirm with . or Enter, or press ? or * to list all spells.
You don't know that spell.
Casting: Sandblast (safe; 1% risk of failure)
Confirm with . or Enter, or press ? or * to list all spells.
Aiming: Sandblast (safe; 1% risk of failure)
Press: ? - help, Shift-Dir - straight line, f/p - Natasha
Aim: Natasha, carrying a wand of flame (20) (severely wounded, 79% to hit)
The blast of sand misses Natasha.
Natasha wildly gestures.
You feel disoriented.
Natasha zaps a wand.
The puff of flame hits you!
Ouch! That really hurt!
* * * LOW HITPOINT WARNING * * *
The white imp misses you. Natasha claws you!
You die...

#.########......#.# # #.#
#......#.# # #.#
#......#.######### #.#
####....###.#........
#.#####.......###.#.#######
##..........................
#.......).>.................
##.#######.....###.#.#######
#.#######.@######.#.# #...
#.#.......5h.(......# #...
#.#.#####.....###.### #...
#.#....<#.......#.## #...
#.#######.....#....# #...
#..................### #...
#########.......##...###...
#.......####.......
#.......# ########


You could see Natasha and a white imp (summoned).

Vanquished Creatures
  Natasha (D:2)
  2 adders (D:2)
  A worm (D:2)
  A dart slug (D:2)
  4 endoplasms
  3 giant cockroaches
  3 goblins (D:1)
  3 hobgoblins
  2 quokkas
  2 ball pythons (D:2)
  3 bats
  A kobold (D:2)
26 creatures vanquished.

Vanquished Creatures (others)
  2 plants (D:2)
2 creatures vanquished.

Grand Total: 28 creatures vanquished

Notes
Turn   | Place    | Note
-------+----------+-------------------------------------------
     0 | D:1      | Heoruswealwe the Deep Elf Earth Elementalist began the
                  | quest for the Orb.
     0 | D:1      | Reached XP level 1. HP: 10/10 MP: 6/6
   540 | D:1      | Reached XP level 2. HP: 15/15 MP: 6/8
   543 | D:1      | Learned a level 2 spell: Passwall
   964 | D:2      | Found an opulent altar of Gozag.
  1130 | D:2      | Reached XP level 3. HP: 19/19 MP: 8/10
  1419 | D:2      | Noticed Natasha
  1434 | D:2      | Killed Natasha
  1435 | D:2      | Reached XP level 4. HP: 3/24 MP: 1/12
  1908 | D:2      | Noticed Natasha
  1919 | D:2      | Slain by Natasha

Illustrated notes

Levels and vault maps discovered:
D:1:      dpeg_arrival_rooms_a, layout_basic, serial_glass, glass_columns_a,
          glass_columns_a
D:2:      layout_basic, shapermc_ecumenical_altar_mp_urbaneastern,
          minmay_hexomino_r4, uniq_natasha

Skill      XL: |  1  2  3 |
---------------+----------+-----
Spellcasting   | 4 |  4.4
Earth Magic    | 4 |  4.3
Transmutations | 2 |  2.1
Dodging        | |  2.4
Stealth        | |  2.4

Action                   |  1- 3 |  4- 6 || total
-------------------------+-------+-------++-------
Melee: Unarmed           |     1 |       ||     1
 Cast: Sandblast         |    46 |     4 ||    50
       Passwall          |     3 |       ||     3
Armor: Robe              |     1 |     1 ||     2
Dodge: Dodged            |    10 |     3 ||    13
Block: Other             |     6 |       ||     6
